 Dungeon Crawl Stone Soup version 0.31-a0-523-g071a6c1ffa (webtiles) character file.

Game seed: 10187160171283448839

301 Ethylacetat the Slasher (level 6, -1/43 HPs)
             Began as an Octopode Gladiator on Aug 10, 2023.
             Was an Initiate of Gozag.
             Slain by an orc wizard
             ... wielding a +0 dagger
              (4 damage)
             ... on level 4 of the Dungeon.
             The game lasted 00:04:32 (3229 turns).

Ethylacetat the Slasher (Octopode Gladiator)        Turns: 3229, Time: 00:04:32

Health: -1/43      AC:  1    Str: 13    XL:     6   Next: 37%
Magic:  6/6        EV: 14    Int: 11    God:    Gozag
Gold:   367        SH:  0    Dex: 15    Spells: 5/5 levels left

rFire   . . .        a - +0 long sword
rCold   . . .        (no shield)
rNeg    . . .        b - +0 hat
rPois   .            (no amulet)
rElec   .            (no ring)
rCorr   .            (no ring)
SInv    .            (no ring)
Will    .....        (no ring)
Stlth   ++++         (no ring)
HPRegen 0.27/turn    (no ring)
MPRegen 0.10/turn    (no ring)
                     (no ring)

%: no passive effects
@: no status effects
A: almost no armour, amphibious, 8 rings, camouflage 1, gelatinous body 1,
(nimble swimmer 1), tentacles
a: Renounce Religion, Potion Petition, Call Merchant, Bribe Branch


You were on level 4 of the Dungeon.
You worshipped Gozag.
Gozag was aware of your devotion.
You visited 1 branch of the dungeon, and saw 4 of its levels.

You collected 367 gold pieces.

Inventory:

Hand Weapons
 a - a +0 long sword (weapon)
Missiles
 c - 3 throwing nets (quivered)
 d - a javelin
Armour
 b - a +0 hat (worn)
Wands
 m - a wand of flame (17)
Scrolls
 g - a scroll of enchant weapon {unknown}
 i - a scroll of revelation {unknown}
 k - a scroll of fog {unknown}
 n - a scroll of acquirement {unknown}
 q - a scroll of identify {unknown}
Potions
 e - a potion of attraction {unknown}
 f - a potion of magic {unknown}
 h - a potion of heal wounds {unknown}
 j - 2 potions of might {unknown}
 l - 3 potions of lignification {unknown}
 o - a potion of cancellation {unknown}
 p - a potion of haste {unknown}
 r - a potion of berserk rage {unknown}
 t - a potion of curing {unknown}


   Skills:
 + Level 3.6 Fighting
 + Level 4.3 Long Blades
 - Level 2.0 Throwing
 + Level 4.2 Dodging
 + Level 4.1 Stealth


You had 5 spell levels left.
You didn't know any spells.
Your spell library contained the following spells:

 Spells                   Type           Power      Damage    Failure   Level
 Ensorcelled Hibernation  Hex/Ice        0%         N/A       47%         2
 Anguish                  Hex/Necr       0%         N/A       98%         4


Dungeon Overview and Level Annotations

Branches:
Dungeon (4/15)
 Temple: D:4-7

Altars:
Elyvilon
Gozag
Nemelex Xobeh
Uskayaw
Wu Jian

Shops:
D:1 (


Innate Abilities, Weirdness & Mutations

You cannot wear most types of armour.
You are amphibious.
You can wear up to eight rings at the same time.
Your skin changes colour to match your surroundings (Stealth+).
Your rubbery body absorbs attacks. (AC +1, EV +1)
((You are camouflaged when in or above water. (Stealth+)))
You have tentacles for arms and can constrict up to eight enemies at once.


Message History

You hear some strange, mumbled words.
Something tries to affect you, but you resist.
You slash the orc!
You kill the orc!
Something hits you.
No target in view!
No target in view!
Unknown command.
Something hits you.
Things that are here:
4 gold pieces; a +0 dagger; a +0 robe Something hits you.
Things that are here:
6 gold pieces; a +0 club; a +0 leather armour You closely miss something.
Your squeeze misses something. Something hits you.
You miss something. Your squeeze misses something. Something hits you.
You hit something. Your squeeze misses something. Something hits you. x2
You hit something but do no damage. Your squeeze misses something.
You hear some strange, mumbled words.
Something tries to affect you, but you resist.
You barely miss something.
You hear some strange, mumbled words.
A puff of flame appears from out of thin air!
The puff of flame hits you!
* * * LOW HITPOINT WARNING * * *
You barely miss something. Your squeeze misses something.
Something completely misses you.
You hit something. Your squeeze misses something. Something barely misses you.
You hit something but do no damage. Your squeeze misses something.
Something hits you.
* * * LOW HITPOINT WARNING * * *
You closely miss something. Something hits you.
* * * LOW HITPOINT WARNING * * *
Something hits you.
* * * LOW HITPOINT WARNING * * *
You barely miss something. Something hits you.
* * * LOW HITPOINT WARNING * * *
You barely miss something. Something hits you.
You die...
Your body crumbles into a pile of gold.

#.#........ #..#........
#.##........
##.##........
##............
####...####.####.
####......##?....##
##.##.....$...#.......#
#.....$@......#.......#
.......${....#$...._.....
.?..########.#.#.......#.
### ..#.#.......#.
#.##.##.....## #.
#.####.### #. #.. ... ..
##. .### [


There were no monsters in sight!

Vanquished Creatures
  A jelly (D:4)
  2 orc priests (D:3)
  An iguana (D:3)
  An orc wizard (D:4)
  5 adders
  2 worms
  A dart slug (D:1)
  15 orcs
  8 endoplasms
  2 giant cockroaches (D:1)
  7 goblins
  3 hobgoblins (D:1)
  7 jackals
  6 kobolds
  A quokka (D:1)
  12 ball pythons
  6 bats
  6 frilled lizards
  7 rats
93 creatures vanquished.

Notes
Turn   | Place    | Note
-------+----------+-------------------------------------------
     0 | D:1      | Ethylacetat the Octopode Gladiator began the quest for the
                  | Orb.
     0 | D:1      | Reached XP level 1. HP: 14/14 MP: 1/1
    20 | D:1      | Reached XP level 2. HP: 2/19 MP: 2/2
    25 | D:1      | Reached skill level 1 in Stealth
   230 | D:1      | Reached XP level 3. HP: 21/25 MP: 3/3
   469 | D:1      | Found Nurgh's Weapon Boutique.
   559 | D:2      | Found a sparkling altar of Nemelex Xobeh.
  1551 | D:3      | Found a faded altar of an unknown god.
  1554 | D:3      | Reached XP level 4. HP: 22/30 MP: 4/4
  1564 | D:3      | Prayed at the altar of an unknown god.
  1564 | D:3      | Became a worshipper of Gozag Ym Sagoz the Greedy
  1903 | D:3      | Noticed a +0 spear
  1910 | D:3      | Noticed a +0 dagger
  1931 | D:3      | Found a hide-covered altar of Uskayaw.
  1932 | D:3      | Noticed a +0 dagger
  1933 | D:3      | Noticed a +0 spear
  1933 | D:3      | Noticed a +0 short sword
  1934 | D:3      | Noticed a +0 falchion
  1934 | D:3      | Noticed a +0 short sword
  1935 | D:3      | Noticed a +0 falchion
  2045 | D:3      | Reached XP level 5. HP: 22/36 MP: 5/5
  2455 | D:3      | HP: 1/36 [orc/+0 dagger (1)]
  2673 | D:3      | Found an ornate altar of the Wu Jian Council.
  2923 | D:4      | Reached XP level 6. HP: 27/42 MP: 6/6
  3190 | D:4      | Found a white marble altar of Elyvilon.
  3229 | D:4      | Slain by an orc wizard

Illustrated notes

Levels and vault maps discovered:
D:1:      minmay_arrival_glassed_features, layout_rooms, serial_shops,
          nicolae_shop_bloodbath_and_beyond, minmay_misc_feat_cross
D:2:      layout_basic, basic_altar, serial_bayou_lagoon_b
D:3:      layout_basic, mainiacjoe_overflow_alcove_4, nicolae_uskayaw_en_pointe,
          nicolae_ecumenical_snake_handling, minmay_crystal_water,
          minmay_close_crescents
D:4:      layout_cave_pods, old_standard_altar, grunt_temple_overflow_open,
          grunt_ministairs_5, uniq_natasha

Skill      XL: |  1  2  3  4  5  6 |
---------------+-------------------+-----
Stealth        | 1 2 3 4 |  4.1
Fighting       | 3 |  3.6
Long Blades    | 4 |  4.3
Dodging        | 4 |  4.2
Throwing       | |  2.0

Action                     |  1- 3 |  4- 6 || total
---------------------------+-------+-------++-------
  Melee: Long sword        |    78 |   107 ||   185
         Constrict         |    19 |    25 ||    44
         Tentacles         |    15 |    17 ||    32
         Punch             |     1 |       ||     1
   Stab: Sleeping          |    10 |     8 ||    18
         Distracted        |       |     1 ||     1
 Armour: Skin              |     6 |     2 ||     8
  Dodge: Dodged            |    61 |    71 ||   132

Table legend: (Time is in decaauts)
 A = Elapsed time spent in this place.
 B = Non-inter-level travel time spent in this place.
 C = Inter-level travel time spent in this place.
 D = Time resting spent in this place.
 E = Time spent auto-exploring this place.
 F = Levels seen in this place.
 G = Mean time per level.
                   A        B        C        D        E       F      G
               +--------+--------+--------+--------+--------+-----+--------+
         Total |   3269 |   3194 |     75 |    208 |   2380 |   4 |  817.2 |
       Dungeon |   3269 |   3194 |     75 |    208 |   2380 |   4 |  817.2 |
               +--------+--------+--------+--------+--------+-----+--------+

Top non-repeatable levels by time:
     D:3: 1381 daAuts
     D:2: 1002 daAuts
     D:1: 533 daAuts
     D:4: 352 daAuts
